Map: 冰封神殿

Players

CancerMA

  • Race: Terran Terran
  • League: Diamond

电脑难度(新手) - Winner!

  • Race: Zerg Zerg

VOD

Have the link to the VOD?

Description

Time

  • Played on: July 29, 2016, 1:06 a.m.
  • Length: 7:20
Show
View Real Time Build Order
Export as new Build Order

CancerMA Terran 

Build Orders: Reaper Expand, MMM Bio 

Get SALT Encoding   

  12  0:02  SCV  
  13  0:14  SCV  
  14  0:17  Supply Depot  
  14  0:26  SCV  
  15  0:39  SCV  
  15  0:40  Barracks  
  16  0:45  Refinery  
  16  0:51  SCV  
  17  1:03  SCV  
  18  1:15  SCV  
  19  1:27  Reaper  
  19  1:28  Orbital Command  
  20  1:41  Command Center  
  20  1:52  Barracks  
  20  1:56  SCV  
  21  2:05  Supply Depot, Barracks Reactor  
  21  2:09  SCV  
  21  2:12  Refinery  
  22  2:21  SCV  
  23  2:26  Factory  
  23  2:33  SCV  
  24  2:40  Barracks Tech Lab  
  24  2:43  Marine x2  
  26  2:45  SCV  
  27  2:57  Orbital Command, SCV  
  28  2:59  Marine  
  28  3:01  Stimpack  
  28  3:05  Marine x2  
  29  3:10  SCV  
  32  3:18  Marine  
  32  3:22  Factory Reactor  
  32  3:23  Starport  
  32  3:25  SCV x2  
  32  3:26  Marine  
  35  3:29  Marine  
  36  3:35  Marine  
  36  3:37  SCV x2  
  39  3:41  Supply Depot  
  39  3:49  Marine x2, SCV x2  
  39  3:53  Marine  
  44  4:00  Supply Depot  
  44  4:02  SCV x2  
  46  4:07  Supply Depot  
  46  4:08  Medivac x2  
  50  4:11  Marine x2  
  50  4:13  Marine  
  50  4:15  SCV  
  54  4:21  SCV  
  55  4:26  Refinery  
  55  4:28  Engineering Bay  
  55  4:30  SCV  
  56  4:31  Supply Depot  
  56  4:33  Marine x2, SCV  
  56  4:34  Marine  
  60  4:43  Medivac  
  60  4:44  Medivac  
  64  4:47  SCV x2  
  66  4:54  Supply Depot, Marine x3  
  66  4:56  Terran Infantry Weapons Level 1  
  66  4:59  Widow Mine  
  71  5:03  SCV  
  71  5:04  SCV  
  73  5:09  Supply Depot  
  73  5:12  Marine x3  
  76  5:15  SCV  
  76  5:16  SCV  
  78  5:23  Combat Shields  
  78  5:29  Marine  
  78  5:30  Marine x2  
  78  5:31  Command Center  
  81  5:41  SCV x2  
  83  5:47  Barracks, Marine x3, Medivac x2  
  83  5:49  Supply Depot  
  90  5:52  Supply Depot  
  90  5:58  Widow Mine  
  90  5:59  SCV x2  
  94  6:06  Engineering Bay  
  94  6:07  Refinery  
  94  6:11  Marine x3  
  96  6:19  Medivac x2  
  96  6:22  SCV  
  96  6:23  Supply Depot  
  96  6:24  Supply Depot  
  96  6:25  SCV  
  102  6:30  Marine x3  
  102  6:31  Factory Reactor  
  105  6:38  Barracks Tech Lab  
  105  6:40  Barracks  
  105  6:44  Barracks  
  105  6:46  Orbital Command  
  105  6:51  SCV x2  
  107  7:00  Armory  
Show
View Real Time Build Order
Export as new Build Order

电脑难度(新手) Zerg - Winner!

Build Orders: Pool First 

Get SALT Encoding   

  12  0:01  Drone  
  13  0:12  Overlord  
  13  0:17  Drone  
  14  0:36  Spawning Pool  
  14  0:37  Extractor  
  14  0:40  Drone  
  13  0:47  Drone  
  14  0:53  Overlord  
  14  1:23  Zergling x2  
  14  1:24  Queen  
  17  1:32  Roach Warren  
  17  1:35  Drone  
  17  1:40  Extractor, Zergling x2  
  17  1:44  Drone  
  18  1:57  Zergling x2, Drone  
  20  2:08  Drone  
  21  2:18  Drone  
  22  2:30  Drone, Overlord  
  22  2:35  Zergling x2  
  23  2:37  Drone  
  24  2:44  Drone  
  24  2:53  Zergling x2  
  24  3:10  Zergling x2  
  25  5:12  Zergling x2  
  23  5:19  Queen  
  23  5:23  Drone  
  23  5:26  Overlord  
  23  5:29  Zergling x2  
  23  5:39  Drone  
  21  5:45  Overlord  
  21  5:46  Drone  
  17  5:50  Spawning Pool  
  17  5:53  Drone  
  11  6:00  Drone  
  7  6:08  Drone  
  7  6:11  Hatchery  
  4  6:15  Drone  
  3  6:22  Drone  
  3  6:29  Drone  
  3  6:39  Drone  
Tags
 
Add a new tag
Caveats
  • Supply blocks, unpowered buildings, or Contaminate may cause inaccurate times.
  • Supply counts are checked every 10 seconds.